 Dungeon Crawl Stone Soup version 0.17-a0-1575-g9a29ec8 (webtiles) character file.

83 urechis the Skirmisher (level 4, 0/30 HPs)
             Began as a Gargoyle Fighter on July 26, 2015.
             Killed from afar by cireshan's ghost (4 damage)
             ... with a magic dart
             ... on level 3 of the Dungeon.
             The game lasted 00:03:55 (1545 turns).

urechis the Skirmisher (Gargoyle Fighter)           Turns: 1545, Time: 00:03:55

Health: 0/30       AC: 14    Str: 21    XL:     4   Next: 44%
Magic:  4/4        EV:  9    Int:  8    God:
Gold:   128        SH:  0    Dex:  9    Spells: 0 memorised, 3 levels left

rFire  . . .     SeeInvis .     a - +0 flail
rCold  + . .     Clarity  .     B - +0 scale mail {rC+}
rNeg   + + .     SustAt   .     (no shield)
rPois  ∞         Gourm    .     n - +0 helmet
rElec  +         Spirit   .     y - +1 cloak
rCorr  .         Warding  +     k - +0 pair of gloves
rMut   .         Stasis   .     (no boots)
MR     +....                    o - amulet of warding
Stlth  ..........               (no ring)
                                i - ring of protection from magic

@: somewhat resistant to hostile enchantments, extremely unstealthy
A: negative energy resistance 1, electricity resistance, unbreathing,
petrification resistance, rot immunity, AC +3
a: no special abilities


You were on level 3 of the Dungeon.
You were not hungry.

You visited 1 branch of the dungeon, and saw 3 of its levels.

You collected 128 gold pieces.

Inventory:

Hand weapons
 a - a +0 flail (weapon)
Missiles
 m - 85 stones (quivered)
Armour
 c - a +0 shield
 k - a +0 pair of gloves (worn)
 n - a +0 helmet (worn)
 y - a +1 cloak (worn)
 B - a +0 scale mail of cold resistance (worn)
Jewellery
 i - a ring of protection from magic (left hand)
 o - an amulet of warding (around neck)
Scrolls
 h - 2 scrolls of remove curse
 r - 2 scrolls of magic mapping {unknown}
 u - a scroll of teleportation {unknown}
 x - a scroll of amnesia {unknown}
Potions
 d - 2 potions of might
 g - 3 potions of curing {unknown}
 l - a potion of cancellation {unknown}
 q - a potion of cure mutation {unknown}
 s - a potion of degeneration {unknown}
 t - 2 potions of magic {unknown}
 v - a potion of heal wounds {unknown}
 w - a potion of haste {unknown}
 z - a potion of agility {unknown}
Comestibles
 e - 4 bread rations
 f - a meat ration
 j - a slice of pizza
 p - 2 beef jerkies
 A - a chunk of flesh


   Skills:
 + Level 4.3 Fighting
 * Level 3.7 Maces & Flails
 - Level 3.2 Armour
 - Level 3.2 Shields


You had 3 spell levels left.
You didn't know any spells.

Dungeon Overview and Level Annotations

Branches:
Dungeon (3/15)

Altars:
Elyvilon
Okawaru

Annotations:
D:3 cireshan's ghost, average DECj


Innate Abilities, Weirdness & Mutations

You are resistant to torment.
Your stone body is resilient (AC +3).
You are immune to poison.
You resist negative energy.
You are resistant to electric shocks.
You can survive without breathing.
You are immune to petrification.
You are immune to rotting.


Message History

The magic dart hits you!
You completely miss cireshan's ghost.
Cireshan's ghost is severely damaged.
Cireshan's ghost points at you and mumbles some strange words.
The magic dart hits you!
* * * LOW HITPOINT WARNING * * *
Cireshan's ghost points at you and mumbles some strange words.
The magic dart hits you!
* * * LOW HITPOINT WARNING * * *
Your scale mail prevents you from hitting cireshan's ghost.
Cireshan's ghost is severely damaged.
Cireshan's ghost hits you but does no damage.
You barely miss cireshan's ghost.
Cireshan's ghost is severely damaged.
Cireshan's ghost barely misses you.
You hit cireshan's ghost.
Cireshan's ghost is almost destroyed.
Cireshan's ghost points at you and mumbles some strange words.
The magic dart hits you!
You die...

#.......#.#.###.##
#.......#...###.##
#.......#...##8.8#
#...###########.## # ######...#
#8##8##.##8# #).......+
.........).. # #........#
#8##8##.##8#
#########......#.###########.## #
≈≈#............(@.........#8.8#
.≈#######....÷.#.W.......###.##
........#......#.........# #.#
♣...###.###........#.....###.##
.....<#.# #........#.....##8.8#
.≈#####.###........##....###.##
≈≈#...<............##....###'#
#####.#.###.......###....##..####
....#...# #.........#.##.##.>....


You could see cireshan's ghost.

Vanquished Creatures
  Terence (D:3)
  An adder (D:2)
  2 giant geckos (D:2)
  A giant cockroach (D:2)
  8 hobgoblins
  8 jackals
  7 kobolds
  6 bats
  4 giant newts (D:1)
  4 goblins
  3 rats
45 creatures vanquished.

Notes
Turn   | Place    | Note
--------------------------------------------------------------
     0 | D:1      | urechis the Gargoyle Fighter began the quest for the Orb.
     0 | D:1      | Reached XP level 1. HP: 14/14 MP: 1/1
   149 | D:1      | Reached XP level 2. HP: 14/19 MP: 2/2
   700 | D:2      | Reached XP level 3. HP: 24/24 MP: 3/3
   732 | D:2      | Reached skill level 4 in Fighting
   808 | D:2      | Found an iron altar of Okawaru.
  1248 | D:3      | Found a white marble altar of Elyvilon.
  1311 | D:3      | Reached XP level 4. HP: 29/29 MP: 4/4
  1412 | D:3      | Noticed Terence
  1431 | D:3      | Killed Terence
  1530 | D:3      | Noticed cireshan's ghost (average DECj)
  1545 | D:3      | Killed from afar by cireshan's ghost

Vault maps used:
D:1:      ncdulo_wetmaze, supply_closet_lemuel
D:2:      okawaru_trees_2
D:3:      lemuel_blue_sif_altar, elyvilon_altar_4, dk_noncrumbling_2,
          uniq_crazy_yiuf_cottage, uniq_terence

Action                   |  1- 3 |  4- 6 || total
-------------------------+-------+-------++-------
Melee: Flail             |   106 |    33 ||   139
       Hunting sling     |     4 |       ||     4
 Fire: Hunting sling     |    83 |       ||    83
Throw: Stone             |     3 |       ||     3
  Use: Scroll            |     3 |       ||     3
  Eat: Chunk             |       |     2 ||     2
